 Dungeon Sprint DCSS version 0.26-a0-252-gb32a1a6195 (webtiles) character file.

Game seed: 3068555786239057415

77551632 MordorOrchid the Archmage (level 23, 197/197 HPs)
             Began as an Octopode Air Elementalist on July 8, 2020.
             Was an Initiate of Gozag.
             Escaped with the Orb
             ... and 17 runes on July 9, 2020!
             The game lasted 03:40:11 (23650 turns).

MordorOrchid the Archmage (OpAE)                   Turns: 23650, Time: 03:40:12

Health: 197/197    AC:  4    Str: 16    XL:     23   Next: 84%
Magic:  59/59      EV: 42    Int: 40    God:    Gozag
Gold:   1779       SH: 25    Dex: 31    Spells: 1/76 levels left

rFire    + + .     SeeInvis +   x - staff of energy
rCold    + + +     Faith    .   w - +5 kite shield {rF+}
rNeg     . . .     Spirit   .   (helmet restricted)
rPois    +         Reflect  .   o - amulet of magic regeneration
rElec    .         Harm     .   G - ring of Vyewk {+Blink Str+7 Int+2 SInv}
rCorr    .         NoTele   +   Y - +6 ring of dexterity
MR       ++...                  E - ring of the Octopus King {Wiz AC+1 EV+1 Str+1 Int+1 Dex+1}
Stlth    +++.......             F - ring "Fohedet" {rF+ Int+7}
HPRegen  0.42/turn              X - ring of Liotioth {+Inv rPois Dex+6}
MPRegen  0.61/turn              d - ring of Tism {*Contam rPois rF- rC+++ Dex+3}
                                Z - +6 ring of intelligence
                                H - ring of protection from fire

@: no status effects
A: almost no armour, stealthy swim, amphibious, 8 rings, constrict 8, slimy
green scales 1, camouflage 1, high mp 1, magic resistance 1, gelatinous body 1
0: Orb of Zot
}: 17/17 runes: decaying, serpentine, barnacled, slimy, elven, silver, golden,
iron, obsidian, icy, bone, abyssal, glowing, magical, fiery, dark, gossamer
a: Potion Petition, Call Merchant, Bribe Branch, Renounce Religion, Evoke Blink,
Evoke Invisibility


You escaped.
You worshipped Gozag.
Gozag was most pleased with you.
You were not hungry.

You visited 1 branch You collected 59071 gold pieces.
You spent 22380 gold pieces at shops.
You paid 34912 gold pieces to Gozag.

Inventory:

Hand Weapons
 j - the +9 hunting sling of Abomination {freeze, rN++}
   (You found it in the Dungeon)

   It causes projectiles fired from it to freeze those they strike, causing
   extra injury to most foes and up to half again as much damage against
   particularly susceptible opponents.
   They can also slow down cold-blooded creatures.
   It greatly protects you from negative energy.
 k - the +7 sceptre of Asmodeus
   (You took it off Asmodeus in the Dungeon)
 y - the +8 arc blade {discharge, rElec}
   (You found it in the Dungeon)

   It insulates you from electricity.
 z - a +6 dagger of chaos
 L - a +3 quick blade
 V - the +4 staff of Dispater
   (You found it in the Dungeon)
Missiles
 t - 62 sling bullets
 A - 11 boomerangs
 C - 26 javelins (quivered)
 U - 4 atropa-tipped darts
Armour
 n - a +5 tower shield
 p - the -2 hat of the Alchemist {rElec rPois rF+ rC+ rN+ MR+ rMut rCorr}
   (You bought it in a shop in the Dungeon)

   It protects you from fire.
   It protects you from cold.
   It insulates you from electricity.
   It protects you from poison.
   It protects you from negative energy.
   It affects your resistance to hostile enchantments.
   It provides partial protection from all sources of acid and corrosion.
   It protects you from mutation.
 w - a +5 kite shield of fire resistance (worn)
Magical Staves
 x - an uncursed staff of energy (weapon)
Jewellery
 d - the ring of Tism (on tentacle) {*Contam rPois rF- rC+++ Dex+3}
   (You found it in the Dungeon)

   [ring of dexterity]

   It affects your dexterity (+3).
   It makes you vulnerable to fire.
   It renders you almost immune to cold.
   It protects you from poison.
   It causes magical contamination when unequipped.
 o - an amulet of magic regeneration (around mantle)
 q - a +6 ring of intelligence
 E - a ring of the Octopus King (on tentacle) {Wiz AC+1 EV+1 Str+1 Int+1 Dex+1}
   (You bought it in a shop in the Dungeon)

   [ring of wizardry]

   It improves your spell success rate.
   It affects your AC (+1).
   It affects your evasion (+1).
   It affects your strength (+1).
   It affects your intelligence (+1).
   It affects your dexterity (+1).
 F - the ring "Fohedet" (on tentacle) {rF+ Int+7}
   (You bought it in a shop in the Dungeon)

   [ring of protection from fire]

   It affects your intelligence (+7).
   It protects you from fire.
 G - the ring of Vyewk (left tentacle) {+Blink Str+7 Int+2 SInv}
   (You bought it in a shop in the Dungeon)

   [ring of see invisible]

   It affects your strength (+7).
   It affects your intelligence (+2).
   It lets you see invisible.
   It lets you blink.
 H - a ring of protection from fire (on tentacle)
 I - an uncursed ring of ice
 N - the ring "Uzer" {rCorr Int+4}
   (You found it in the Dungeon)

   [ring of resist corrosion]

   It affects your intelligence (+4).
   It provides partial protection from all sources of acid and corrosion.
 Q - an uncursed amulet of the acrobat
 R - the ring "Leenemycs" {rPois Int+2 Dex+2 SInv Stlth-}
   (You bought it in a shop in the Dungeon)

   [ring of attention]

   It affects your intelligence (+2).
   It affects your dexterity (+2).
   It protects you from poison.
   It lets you see invisible.
   It makes you less stealthy.
 X - the ring of Liotioth (on tentacle) {+Inv rPois Dex+6}
   (You found it in the Dungeon)

   [ring of poison resistance]

   It affects your dexterity (+6).
   It protects you from poison.
   It lets you turn invisible.
 Y - a +6 ring of dexterity (right tentacle)
 Z - a +6 ring of intelligence (on tentacle)
Wands
 l - a wand of iceblast (5)
 O - a wand of paralysis (3)
Scrolls
 a - a scroll of immolation
 h - 4 scrolls of blinking
 i - a scroll of silence
 m - 6 scrolls of fear
 u - a scroll of enchant armour
 v - 5 scrolls of fog
 K - 9 scrolls of remove curse
 W - 2 scrolls of identify
Potions
 c - 12 potions of curing
 f - 2 potions of cancellation
 r - a potion of stabbing
 J - 2 potions of might
 P - 2 potions of lignification
 T - 2 potions of resistance
Miscellaneous
 g - the horn of Geryon
 s - a box of beasts
 B - 3 phantom mirrors
 D - a lightning rod (4/4)
 M - a tin of tremorstones (3/3)
 S - a phial of floods
Comestibles
 b - 30 rations


   Skills:
 O Level 27 Fighting
 - Level 18.2 Short Blades
 O Level 27 Throwing
 O Level 27 Dodging
 - Level 14.7 Stealth
 O Level 27 Shields
 - Level 22.2 Unarmed Combat
 O Level 27 Spellcasting
 + Level 26.2 Conjurations
 - Level 5.0 Charms
 - Level 10.0 Summonings
 - Level 15.0 Necromancy
 * Level 16.5 Transmutations
 * Level 24.4 Fire Magic
 - Level 20.6 Air Magic
 - Level 22.0 Earth Magic
 - Level 20.0 Evocations


You had one spell level left.
You knew the following spells:

 Your Spells              Type           Power        Failure   Level
a - Shock                 Conj/Air       ####         0%          1
b - Airstrike             Air            ########..   0%          4
f - Lightning Bolt        Conj/Air       ########..   0%          5
h - Bolt of Magma         Conj/Fire/Erth ########..   0%          5
i - Iskenderun's Battles  Conj/Chrm      ########     0%          5
o - Orb of Destruction    Conj           ########..   0%          7
s - Summon Demon          Summ           #######...   1%          5
w - Passwall              Tmut/Erth      ########     0%          2
E - Borgnjor's Vile Clut  Necr/Erth      ########..   0%          5
F - Fire Storm            Conj/Fire      ########..   1%          9
O - Shatter               Erth           ########..   1%          9
R - Irradiate             Conj/Tmut      ########..   0%          5
S - Spellforged Servitor  Conj/Summ      ########..   1%          7
Y - Statue Form           Tmut/Erth      ########.    0%          6

Your spell library contained the following spells:

 Spells                   Type           Power        Failure   Level
 Searing Ray              Conj           ######       0%          2
 Swiftness                Chrm/Air       ########     0%          2
 Conjure Flame            Conj/Fire      ########     0%          3
 Mephitic Cloud           Conj/Pois/Air  ########     0%          3
 Static Discharge         Conj/Air       ########     0%          3
 Iron Shot                Conj/Erth      ########..   0%          6
 Ozocubu's Armour         Chrm/Ice       ######..     1%          3
 Recall                   Summ/Tloc      N/A          1%          3
 Spectral Weapon          Hex/Chrm       ######..     1%          3
 Leda's Liquefaction      Hex/Erth       #######...   1%          4
 Aura of Abjuration       Summ           #######...   1%          5
 Summon Forest            Summ/Tloc      #######...   1%          5
 Summon Mana Viper        Hex/Summ       #######.     1%          5
 Shadow Creatures         Summ           N/A          1%          6
 Simulacrum               Ice/Necr       #######...   1%          6
 Ring of Flames           Chrm/Fire      ########..   1%          7
 Chain Lightning          Conj/Air       ########..   1%          8
 Lehudib's Crystal Spear  Conj/Erth      ########..   1%          8
 Absolute Zero            Ice            ######....   100%        9


Dungeon Overview and Level Annotations

Branches:
Dungeon (1/1)

Altars:
Cheibriados
Dithmenos
Elyvilon
Fedhas
Gozag
Hepliaklqana
Kikubaaqudgha
Makhleb
Nemelex Xobeh
Okawaru
Qazlal
Ru
Sif Muna
Trog
Uskayaw
Vehumet
Wu Jian
Xom
Yredelemnul
Zin
The Shining One
Beogh
Jiyva
Lugonu

Shops:
D *}=[![!**(*:![=%%?(:


Innate Abilities, Weirdness & Mutations

You cannot wear most types of armour.
You are very stealthy in the water. (Stealth+)
You are amphibious.
You can wear up to eight rings at the same time.
You can use your tentacles to constrict eight enemies at once.
Your skin changes colour to match your surroundings (Stealth+).
Your rubbery body absorbs attacks. (AC +1, EV +1)
You are partially covered in slimy green scales. (AC +2)
You have an increased reservoir of magic. (+10% MP)
You are resistant to hostile enchantments. (MR+)


Message History

Your magical essence no longer links to wands of the dungeon.
Your vision sharpens.
You feel more energetic.
You feel less in control of your magic.
Iridescent scales grow over part of your body.
You feel your magical essence link to the dungeon's wands.
Really quaff the potion of mutation?
You feel extremely strange.
Your magical essence no longer links to wands of the dungeon.
You regain control of your magic.
Your iridescent scales disappear.
Slimy green scales grow over part of your body.
You feel resistant to hostile enchantments.
Unknown command.
You cannot move.
You start resting.
Magic restored.
You start waiting.
Your transformation is almost over.
You start waiting.
You feel less wooden.
You have escaped!

▓.▓.▓.▓$▓.▓.▓.▓.▓.
▓.▓.▓+▓[▓.▓.▓.▓.▓.
▓.▓.▓§▓.▓.▓.▓.▓.▓.
▓)▓.▓.▓.▓.▓.▓.▓.▓.
▓'▓.▓.▓.▓.▓.▓.▓.▓.
▓.▓.▓.▓.▓[▓.▓.▓.▓.
▓.▓.▓.▓[▓.▓.▓.▓.▓.
▓.▓.▓.▓.▓.▓.▓.▓.▓.
▓@▓...▓...▓...▓...
▓▓▓▓▓▓▓▓▓▓▓▓▓▓▓▓▓▓


There were no monsters in sight!

Vanquished Creatures
  Cerebov (D)
  Antaeus (D)
  Asmodeus (D)
  the Royal Jelly (D)
  Ereshkigal (D)
  Gloorx Vloq (D)
  Mnoleg (D)
  6 ancient liches (D)
  Mara (D)
  Mennas (D)
  2 juggernauts (D)
  5 greater mummies (D)
  Margery (D)
  A Killer Klown (D)
  Xtahua (D)
  Geryon (D)
  A profane servitor (D)
  Nikola (D)
  3 liches (D)
  A Tzitzimitl (D)
  An Ice Fiend (D)
  3 pandemonium lords (D)
  A Brimstone Fiend (D)
  Rupert (D)
  32 Orb Guardians (D)
  A Hell Sentinel (D)
  A titan (D)
  A tentacled monstrosity (D)
  2 deep elf blademasters (D)
  4 deep elf master archers (D)
  A quicksilver dragon (D)
  2 Executioners (D)
  3 death cobs (D)
  7 acid blobs (D)
  A draconian monk (D)
  11 sphinxes (D)
  A tengu reaver (D)
  5 shadow dragons (D)
  A tentacled starspawn (D)
  A storm dragon (D)
  3 azure jellies (D)
  2 draconian scorchers (D)
  2 fire giants (D)
  2 vault wardens (D)
  2 draconian knights (D)
  A ghost moth (D)
  2 balrugs (D)
  2 draconian stormcallers (D)
  2 emperor scorpions (D)
  A draconian shifter (D)
  Aizul (D)
  Louise (D)
  A very ugly thing (D)
  A draconian annihilator (D)
  A stone giant (D)
  A reaper (D)
  7 vampire knights (D)
  Nessos (D)
  A black draconian (D)
  3 green draconians (D)
  2 deep elf annihilators (D)
  A white draconian (D)
  A dire elephant (D)
  3 yellow draconians (D)
  3 purple draconians (D)
  A spark wasp (D)
  3 merfolk javelineers (D)
  3 ettins (D)
  4 merfolk impalers (D)
  4 mummy priests (D)
  A deep elf death mage (D)
  5 fire dragons (D)
  A great orb of eyes (D)
  Josephine (D)
  4 yaktaur captains (D)
  9 death oozes (D)
  A rakshasa (D)
  A deep elf high priest (D)
  13 vault guards (D)
  4 ice dragons (D)
  4 hydras (D)
  2 merfolk aquamancers (D)
  2 merfolk avatars (D)
  2 centaur warriors (D)
  5 ogre magi (D)
  3 deep troll earth magi (D)
  2 tengu warriors (D)
  12 spriggans (D)
  A naga sharpshooter (D)
  2 vampire magi (D)
  A soul eater (D)
  5 sun demons (D)
  A hell knight (D)
  2 sixfirhies (D)
  A shadow demon (D)
  A sea snake (D)
  7 deep trolls (D)
  3 swamp dragons (D)
  A flayed ghost (D)
  A naga ritualist (D)
  2 spriggan druids (D)
  A gelid demonspawn (D)
  A deep elf archer (D)
  2 wizards (D)
  A necromancer (D)
  A mana viper (D)
  A harpy (D)
  3 orc knights (D)
  A deep elf mage (D)
  An ugly thing (D)
  3 wolf spiders (D)
  A manticore (D)
  5 ironbrand convokers (D)
  3 cyclopes (D)
  A salamander (D)
  Joseph (D)
  A rust devil (D)
  8 elephants (D)
  A merfolk siren (D)
  5 naga magi (D)
  A vault sentinel (D)
  2 black mambas (D)
  2 guardian serpents (D)
  9 moths of wrath (D)
  3 orange demons (D)
  Psyche (D)
  3 smoke demons (D)
  4 cane toads (D)
  A demonic crawler (D)
  A freezing wraith (D)
  A tormentor (D)
  2 komodo dragons (D)
  7 hellwings (D)
  3 yaktaurs (D)
  16 guardian mummies (D)
  A red devil (D)
  3 merfolk (D)
  An ancient zyme (D)
  An ice devil (D)
  A wandering mushroom (D)
  3 jumping spiders (D)
  5 trolls (D)
  2 wind drakes (shapeshifter) (D)
  2 hornets (D)
  A hornet (shapeshifter) (D)
  2 slime creatures (D)
  2 tyrant leeches (D)
  A blink frog (shapeshifter) (D)
  2 bog bodies (D)
  A hippogriff (D)
  A snapping turtle (shapeshifter) (D)
  A ynoxinul (D)
  A tarantella (D)
  A redback (D)
  A shadow (D)
  3 wraiths (D)
  4 large abominations (D)
  Grum (D)
  A golden eye (D)
  3 yaks (D)
  2 neqoxecs (D)
  A soldier ant (D)
  2 porcupines (D)
  An acid dragon (D)
  A water moccasin (D)
  11 orc warriors (D)
  4 swamp drakes (D)
  A necrophage (D)
  An eye of draining (D)
  A small abomination (D)
  4 wolves (D)
  2 centaurs (D)
  A crocodile (D)
  3 bullfrogs (D)
  A nameless horror (D)
  A howler monkey (D)
  2 orc priests (D)
  2 jellies (D)
  6 orc wizards (D)
  4 worker ants (D)
  A gnoll (D)
  An adder (D)
  5 orcs (D)
  A bat skeleton (D)
  4 goblins (D)
  A hobgoblin (D)
  A bat simulacrum (D)
  2 frilled lizards (D)
  A fire vortex (D)
  A starspawn tentacle (D)
485 creatures vanquished.

Vanquished Creatures (collateral kills)
  Lom Lobon (D)
  3 orbs of fire (D)
  A greater mummy (D)
  Sojobo (D)
  3 golden dragons (D)
  Jory (D)
  A bone dragon (D)
  2 electric golems (D)
  A Hell Sentinel (D)
  2 tentacled monstrosities (D)
  6 Orb Guardians (D)
  2 deep elf blademasters (D)
  4 acid blobs (D)
  A sphinx (D)
  3 nagarajas (D)
  2 shadow dragons (D)
  Kirke (D)
  4 azure jellies (D)
  A tengu reaver (D)
  A draconian scorcher (D)
  6 emperor scorpions (D)
  2 vault wardens (D)
  A draconian annihilator (D)
  4 ironheart preservers (D)
  A draconian shifter (D)
  An angel (D)
  An entropy weaver (D)
  3 black draconians (D)
  A green draconian (D)
  A red draconian (D)
  A purple draconian (D)
  A spark wasp (D)
  2 ettins (D)
  A death ooze (D)
  2 merfolk impalers (D)
  A great orb of eyes (D)
  12 vault guards (D)
  A hydra (D)
  A naga warrior (D)
  A sun demon (D)
  A deep troll shaman (D)
  3 hell hogs (D)
  2 hell knights (D)
  A shock serpent (D)
  A swamp dragon (D)
  An orc knight (D)
  A cyclops (D)
  2 ugly things (D)
  3 moths of wrath (D)
  A manticore (D)
  A merfolk siren (D)
  2 guardian serpents (D)
  A naga mage (D)
  2 guardian mummies (D)
  A redback (D)
  A hog (shapeshifter) (D)
  A vampire mosquito (D)
  A naga (D)
  A swamp drake (D)
  An eye of draining (D)
  A small abomination (D)
  A ball lightning (D)
  4 fire vortices (D)
119 creatures vanquished.

Vanquished Creatures (others)
  Dispater (D)
  A deep elf blademaster (D)
  A shadow dragon (D)
  Ilsuiw (D)
  A deep elf annihilator (D)
  A guardian serpent (D)
  3 humans (D)
  2 ball lightnings (D)
  14 fire vortices (D)
  2 starspawn tentacles (D)
27 creatures vanquished.

Grand Total: 631 creatures vanquished

Notes
Turn   | Place    | Note
-------+----------+-------------------------------------------
     0 | D        | MordorOrchid the Octopode Air Elementalist began the quest
                  | for the Orb.
     0 | D        | Reached XP level 1. HP: 11/11 MP: 3/3
     8 | D        | Reached skill level 1 in Fighting
    56 | D        | Noticed a centaur
    61 | D        | Killed a centaur
    61 | D        | Reached skill level 5 in Air Magic
    61 | D        | Reached XP level 2. HP: 19/19 MP: 4/7
    61 | D        | Reached XP level 3. HP: 24/24 MP: 5/9
    61 | D        | Reached XP level 4. HP: 29/29 MP: 5/10
    82 | D        | Found a roughly hewn altar of Beogh.
    82 | D        | Found a snail-covered altar of Cheibriados.
    82 | D        | Found a shadowy altar of Dithmenos.
    82 | D        | Found a white marble altar of Elyvilon.
    82 | D        | Found a blossoming altar of Fedhas.
    82 | D        | Found an opulent altar of Gozag.
    83 | D        | Found a hazy altar of Hepliaklqana.
    84 | D        | Found a viscous altar of Jiyva.
    85 | D        | Found an ancient bone altar of Kikubaaqudgha.
    86 | D        | Found a corrupted altar of Lugonu.
    87 | D        | Found a burning altar of Makhleb.
    88 | D        | Found a sparkling altar of Nemelex Xobeh.
    89 | D        | Found an iron altar of Okawaru.
    90 | D        | Became a worshipper of Gozag Ym Sagoz the Greedy
    91 | D        | Found a stormy altar of Qazlal.
    92 | D        | Found a sacrificial altar of Ru.
    93 | D        | Found a shimmering blue altar of Sif Muna.
    94 | D        | Found a bloodstained altar of Trog.
    95 | D        | Found a hide-covered altar of Uskayaw.
    96 | D        | Found a radiant altar of Vehumet.
    97 | D        | Found an ornate altar of the Wu Jian Council.
    98 | D        | Found a shimmering altar of Xom.
    99 | D        | Found a basalt altar of Yredelemnul.
   100 | D        | Found a glowing silver altar of Zin.
   101 | D        | Found a glowing golden altar of the Shining One.
   119 | D        | Found the +8 arc blade {discharge, rElec}
   119 | D        | Got the +2 halberd of Qaffizaq {freeze, rPois rC+ rN+ Int+4
                  | Dex-3}
   151 | D        | Noticed a hippogriff
   156 | D        | Reached skill level 5 in Spellcasting
   156 | D        | Reached skill level 1 in Evocations
   156 | D        | Reached XP level 5. HP: 23/34 MP: 10/12
   164 | D        | Reached skill level 5 in Dodging
   179 | D        | Killed a hippogriff
   179 | D        | Reached skill level 5 in Conjurations
   179 | D        | Reached skill level 5 in Evocations
   179 | D        | Reached XP level 6. HP: 5/39 MP: 10/15
   186 | D        | Learned a level 5 spell: Lightning Bolt
   209 | D        | Learned a level 4 spell: Airstrike
   437 | D        | Noticed a slime creature
   437 | D        | Noticed a cyclops
   437 | D        | Noticed a slime creature
   437 | D        | Noticed a manticore
   441 | D        | Killed a manticore
   441 | D        | Reached XP level 7. HP: 29/45 MP: 16/16
   443 | D        | Killed a slime creature
   443 | D        | Reached XP level 8. HP: 10/50 MP: 17/17
   446 | D        | Killed a cyclops
   446 | D        | Killed a slime creature
   550 | D        | Got the +6 war axe of Objectivity {vorpal, Int+4}
   568 | D        | Noticed a yak
   568 | D        | Noticed a cane toad
   569 | D        | Noticed a yak
   574 | D        | Killed a cane toad
   574 | D        | Reached XP level 9. HP: 16/54 MP: 12/18
   574 | D        | Noticed a cane toad
   577 | D        | HP: 1/54 [porcupine's spines (10)]
   577 | D        | Reached skill level 10 in Conjurations
   581 | D        | Noticed a black mamba
   586 | D        | Reached skill level 15 in Air Magic
   593 | D        | Killed a cane toad
   597 | D        | Killed a black mamba
   811 | D        | Noticed an elephant
   811 | D        | Noticed a komodo dragon
   811 | D        | Noticed a cane toad
   813 | D        | Reached XP level 10. HP: 60/60 MP: 8/19
   816 | D        | Killed a cane toad
   823 | D        | Killed an elephant
   948 | D        | Noticed an elephant
   948 | D        | Noticed a dire elephant
   948 | D        | Noticed an elephant
   948 | D        | Noticed an elephant
   948 | D        | Noticed an elephant
   948 | D        | Noticed an elephant
   949 | D        | Noticed an elephant
   954 | D        | Killed an elephant
   956 | D        | Killed an elephant
   956 | D        | Killed an elephant
   961 | D        | Killed an elephant
   964 | D        | Noticed an elephant
   975 | D        | Killed an elephant
   982 | D        | Killed a dire elephant
   982 | D        | Reached XP level 11. HP: 60/64 MP: 14/20
  1433 | D        | Noticed Josephine
  1451 | D        | Noticed Psyche
  1456 | D        | Killed Psyche
  1476 | D        | Killed Josephine
  1661 | D        | Noticed Grum
  1663 | D        | Killed Grum
  1838 | D        | Bought 2 rations for 120 gold pieces
  1838 | D        | Bought 2 rations for 120 gold pieces
  1839 | D        | Noticed an orc knight
  1843 | D        | Killed an orc knight
  1855 | D        | Bought 2 rations for 120 gold pieces
  1855 | D        | Bought 2 rations for 120 gold pieces
  1924 | D        | Bought 2 rations for 120 gold pieces
  1924 | D        | Bought 2 rations for 120 gold pieces
  1924 | D        | Bought 2 rations for 120 gold pieces
  1924 | D        | Bought 2 rations for 120 gold pieces
  1924 | D        | Bought 2 rations for 120 gold pieces
  1924 | D        | Bought 2 rations for 120 gold pieces
  1924 | D        | Bought 2 rations for 120 gold pieces
  1939 | D        | Noticed an orc knight
  1942 | D        | Killed an orc knight
  1942 | D        | Reached skill level 1 in Short Blades
  1965 | D        | Noticed an orc knight
  1989 | D        | Killed an orc knight
  2327 | D        | Found Maom's Distillery.
  2327 | D        | Noticed a deep troll
  2327 | D        | Noticed a deep troll
  2330 | D        | Killed a deep troll
  2331 | D        | Killed a deep troll
  2331 | D        | Reached skill level 5 in Fighting
  2331 | D        | Reached XP level 12. HP: 27/77 MP: 2/23
  2331 | D        | Noticed an ogre mage
  2556 | D        | Killed an ogre mage
  2673 | D        | Noticed an ogre mage
  2707 | D        | Killed an ogre mage
  2777 | D        | Reached skill level 10 in Spellcasting
  3039 | D        | Found Omaropol's Armour Shop.
  3043 | D        | Found Zos Ywky's Distillery.
  3047 | D        | Found Poni Bot's Antique Armour Shop.
  3080 | D        | Bought a potion of heal wounds for 60 gold pieces
  3082 | D        | Bought a wand of clouds (4) for 336 gold pieces
  3082 | D        | Bought a lightning rod (4/4) for 560 gold pieces
  3084 | D        | Bought a ring of the Octopus King {Wiz AC+1 EV+1 Str+1
                  | Int+1 Dex+1} for 672 gold pieces
  3084 | D        | Found the ring of the Octopus King {Wiz AC+1 EV+1 Str+1
                  | Int+1 Dex+1}
  3085 | D        | Bought the ring "Fohedet" {rF+ Int+7} for 607 gold pieces
  3128 | D        | Noticed Joseph
  3133 | D        | Killed Joseph
  3217 | D        | Got the +9 hunting sling of Abomination {freeze, rN++}
  3255 | D        | Noticed a seven-headed hydra
  3255 | D        | Noticed a tengu warrior
  3259 | D        | Killed a tengu warrior
  3259 | D        | Reached skill level 10 in Dodging
  3259 | D        | Reached skill level 1 in Shields
  3264 | D        | Killed a seven-headed hydra
  3332 | D        | Noticed a fire dragon
  3385 | D        | Killed a fire dragon
  3385 | D        | Reached skill level 10 in Fighting
  3385 | D        | Reached skill level 5 in Stealth
  3443 | D        | Noticed a vampire mage
  3455 | D        | Killed a vampire mage
  3483 | D        | Noticed a great orb of eyes
  3485 | D        | Noticed a fire dragon
  3487 | D        | Killed a great orb of eyes
  3487 | D        | Reached XP level 13. HP: 85/92 MP: 10/27
  3526 | D        | Killed a fire dragon
  3612 | D        | Bought a scroll of blinking for 105 gold pieces
  3612 | D        | Bought 2 potions of degeneration for 28 gold pieces
  3613 | D        | Bought a book of Summonings for 980 gold pieces
  3619 | D        | Learned a level 5 spell: Summon Demon
  3772 | D        | Bought a potion of haste for 100 gold pieces
  3776 | D        | Bought a potion of heal wounds for 65 gold pieces
  3776 | D        | Bought a potion of heal wounds for 65 gold pieces
  3776 | D        | Bought a potion of haste for 130 gold pieces
  3776 | D        | Bought a potion of might for 52 gold pieces
  3776 | D        | Bought a potion of lignification for 39 gold pieces
  3776 | D        | Bought a potion of lignification for 39 gold pieces
  3968 | D        | Noticed Nessos
  3982 | D        | Killed Nessos
  3982 | D        | Reached skill level 1 in Summonings
  4052 | D        | Reached skill level 5 in Short Blades
  4122 | D        | Noticed a merfolk impaler
  4129 | D        | Killed a merfolk impaler
  4129 | D        | Reached skill level 5 in Summonings
  4323 | D        | Reached skill level 10 in Evocations
  4324 | D        | Noticed a spark wasp
  4331 | D        | Killed a spark wasp
  4822 | D        | Bought a scroll of immolation for 59 gold pieces
  4962 | D        | Bought the -2 hat of the Alchemist {rElec rPois rF+ rC+ rN+
                  | MR+ rMut rCorr} for 660 gold pieces
  4962 | D        | Found the -2 hat of the Alchemist {rElec rPois rF+ rC+ rN+
                  | MR+ rMut rCorr}
  5095 | D        | Bought the ring "Leenemycs" {rPois Int+2 Dex+2 SInv Stlth-}
                  | for 406 gold pieces
  5098 | D        | Bought a cursed -4 ring of dexterity for 26 gold pieces
  5100 | D        | Bought a box of beasts for 280 gold pieces
  5101 | D        | Bought a potion of haste for 120 gold pieces
  5101 | D        | Bought a potion of resistance for 120 gold pieces
  5101 | D        | Bought 2 rations for 120 gold pieces
  5101 | D        | Bought 4 atropa-tipped darts for 28 gold pieces
  5393 | D        | Noticed Rupert
  5402 | D        | Learned a level 6 spell: Shadow Creatures
  5416 | D        | Killed Rupert
  5416 | D        | Reached XP level 14. HP: 99/99 MP: 12/32
  5507 | D        | Noticed a lich
  5517 | D        | Killed a lich
  5517 | D        | Reached skill level 15 in Spellcasting
  5517 | D        | Reached skill level 10 in Summonings
  5543 | D        | Noticed a cyan very ugly thing
  5596 | D        | Killed a cyan very ugly thing
  5596 | D        | Reached skill level 10 in Short Blades
  5915 | D        | Noticed a fire giant
  5926 | D        | Killed a fire giant
  6188 | D        | Bought a bloodstained hand crossbow for 255 gold pieces
  6188 | D        | Identified the +5 hand crossbow of Bodily Humours {vorpal,
                  | Str+4 Int+4 Stlth+} (You bought it in a shop in the
                  | Dungeon)
  6209 | D        | Noticed a vault warden
  6215 | D        | Killed a vault warden
  6231 | D        | Noticed a vault warden
  6262 | D        | Killed a vault warden
  6335 | D        | Noticed an ironheart preserver
  6360 | D        | Noticed a fire giant
  6374 | D        | Killed an ironheart preserver
  6387 | D        | Killed a fire giant
  6387 | D        | Reached XP level 15. HP: 92/103 MP: 0/39
  6394 | D        | Learned a level 5 spell: Aura of Abjuration
  6644 | D        | Noticed Louise
  6649 | D        | Killed Louise
  6649 | D        | Reached skill level 5 in Shields
  6649 | D        | Noticed Xtahua
  6715 | D        | Killed Xtahua
  6937 | D        | Bought 3 scrolls of blinking for 360 gold pieces
  6937 | D        | Bought a scroll of fear for 56 gold pieces
  6937 | D        | Bought a potion of resistance for 160 gold pieces
  6937 | D        | Bought a potion of resistance for 160 gold pieces
  6937 | D        | Bought a scroll of amnesia for 56 gold pieces
  6937 | D        | Bought a phantom mirror for 480 gold pieces
  6954 | D        | Noticed Mara
  6981 | D        | Noticed MordorOrchid's illusion
  7344 | D        | Learned a level 5 spell: Summon Mana Viper
  7392 | D        | Noticed MordorOrchid's illusion
  7470 | D        | Killed Mara
  7470 | D        | Reached skill level 10 in Stealth
  7533 | D        | Noticed Mennas
  7654 | D        | Killed Mennas
  7665 | D        | Noticed Nikola
  7678 | D        | Killed Nikola
  7678 | D        | Reached skill level 15 in Evocations
  7691 | D        | Noticed Aizul
  7701 | D        | Noticed Kirke
  7710 | D        | Killed Aizul
  7726 | D        | Killed Kirke
  8007 | D        | Noticed a nagaraja
  8007 | D        | Noticed a nagaraja
  8023 | D        | Reached skill level 10 in Shields
  8027 | D        | Killed a nagaraja
  8033 | D        | Noticed a nagaraja
  8042 | D        | Killed a nagaraja
  8088 | D        | Killed a nagaraja
  8088 | D        | Reached skill level 15 in Dodging
  8258 | D        | Got a serpentine rune of Zot
  8265 | D        | Bought a book of Power for 675 gold pieces
  8273 | D        | Learned a level 7 spell: Spellforged Servitor
  8279 | D        | Learned a level 5 spell: Bolt of Magma
  8284 | D        | Noticed an emperor scorpion
  8284 | D        | Noticed an emperor scorpion
  8284 | D        | Noticed an emperor scorpion
  8284 | D        | Noticed an emperor scorpion
  8287 | D        | Reached skill level 1 in Fire Magic
  8287 | D        | Reached skill level 1 in Earth Magic
  8291 | D        | Killed an emperor scorpion
  8306 | D        | Killed an emperor scorpion
  8306 | D        | Reached XP level 16. HP: 99/118 MP: 2/40
  8358 | D        | Bought the Papyrus of Warped Earth for 1324 gold pieces
  8364 | D        | Learned a level 5 spell: Borgnjor's Vile Clutch
  8374 | D        | Reached skill level 1 in Necromancy
  8380 | D        | Reached skill level 5 in Earth Magic
  8387 | D        | Reached skill level 5 in Fire Magic
  8470 | D        | Got a gossamer rune of Zot
  8524 | D        | Reached skill level 5 in Necromancy
  8534 | D        | Noticed Ilsuiw
  8562 | D        | Killed Ilsuiw
  8724 | D        | Got a barnacled rune of Zot
  8806 | D        | Got a decaying rune of Zot
  8982 | D        | Noticed a tengu reaver
  8992 | D        | Learned a level 7 spell: Orb of Destruction
  8999 | D        | Killed a tengu reaver
  8999 | D        | Noticed Sojobo
  9018 | D        | Killed Sojobo
  9018 | D        | Reached skill level 15 in Shields
  9018 | D        | Reached skill level 10 in Earth Magic
  9020 | D        | Noticed a tengu reaver
  9024 | D        | Killed a tengu reaver
  9024 | D        | Reached skill level 10 in Necromancy
  9105 | D        | Bought a potion of might for 64 gold pieces
  9105 | D        | Bought a potion of might for 64 gold pieces
  9105 | D        | Bought a potion of heal wounds for 80 gold pieces
  9105 | D        | Bought a potion of might for 64 gold pieces
  9282 | D        | Reached XP level 17. HP: 125/125 MP: 0/41
  9335 | D        | Noticed a golden dragon
  9363 | D        | Killed a golden dragon
  9518 | D        | Reached skill level 15 in Fighting
  9623 | D        | Noticed a golden dragon
  9623 | D        | Noticed a titan
  9636 | D        | Killed a titan
  9640 | D        | Killed a golden dragon
  9689 | D        | Noticed an Orb Guardian
  9690 | D        | Noticed Geryon
  9697 | D        | Killed an Orb Guardian
  9893 | D        | Killed Geryon
  9893 | D        | Reached skill level 15 in Earth Magic
 10163 | D        | Got a silver rune of Zot
 10166 | D        | Identified the +8 mace of Peynoiwu {freeze, MR+ Str-5
                  | Stlth+} (You found it in the Dungeon)
 10262 | D        | Got the ring "Uzer" {rCorr Int+4}
 10268 | D        | Got the ring of Liotioth {+Inv rPois Dex+6}
 10275 | D        | Got the ring of Tism {*Contam rPois rF- rC+++ Dex+3}
 10360 | D        | Bought a cursed amulet of inaccuracy for 28 gold pieces
 10365 | D        | Bought the ring of Vyewk {+Blink Str+7 Int+2 SInv} for 670
                  | gold pieces
 10368 | D        | Bought an uncursed amulet of magic regeneration for 420
                  | gold pieces
 10394 | D        | Noticed Jory
 10414 | D        | Killed Jory
 10414 | D        | Reached skill level 15 in Necromancy
 10475 | D        | Noticed Margery
 10483 | D        | Killed Margery
 10526 | D        | Reached skill level 5 in Throwing
 10553 | D        | Noticed a juggernaut
 10553 | D        | Noticed a juggernaut
 10558 | D        | Killed a juggernaut
 10560 | D        | Killed a juggernaut
 10560 | D        | Reached XP level 18. HP: 141/141 MP: 7/42
 10667 | D        | Reached skill level 10 in Throwing
 10680 | D        | Noticed a bone dragon
 10700 | D        | Killed a bone dragon
 10816 | D        | Noticed a quicksilver dragon
 10820 | D        | Killed a quicksilver dragon
 10926 | D        | Noticed a tentacled monstrosity
 10937 | D        | Killed a tentacled monstrosity
 10973 | D        | Bought 2 rations for 110 gold pieces
 10973 | D        | Bought 2 rations for 110 gold pieces
 10973 | D        | Bought 2 rations for 110 gold pieces
 11064 | D        | Bought 2 rations for 110 gold pieces
 11064 | D        | Bought 2 rations for 110 gold pieces
 11406 | D        | Learned a level 2 spell: Passwall
 11412 | D        | Noticed an Orb Guardian
 11412 | D        | Noticed an Orb Guardian
 11412 | D        | Noticed an Orb Guardian
 11412 | D        | Noticed an Orb Guardian
 11412 | D        | Noticed an Orb Guardian
 11412 | D        | Noticed an Orb Guardian
 11415 | D        | Killed an Orb Guardian
 11415 | D        | Killed an Orb Guardian
 11415 | D        | Reached skill level 15 in Throwing
 11416 | D        | Killed an Orb Guardian
 11416 | D        | Reached skill level 5 in Transmutations
 11416 | D        | Killed an Orb Guardian
 11416 | D        | Reached XP level 19. HP: 158/158 MP: 23/43
 11484 | D        | Learned a level 5 spell: Iskenderun's Battlesphere
 11495 | D        | Noticed a tentacled monstrosity
 11495 | D        | Noticed a tentacled monstrosity
 11505 | D        | Killed a tentacled monstrosity
 11509 | D        | Killed a tentacled monstrosity
 12101 | D        | Bought the Compendium of Glacial Conjuration for 870 gold
                  | pieces
 12108 | D        | Learned a level 5 spell: Irradiate
 12108 | D        | Bought Inwum's Catalogue of Enhancements for 780 gold
                  | pieces
 12532 | D        | Bought 2 rations for 110 gold pieces
 12532 | D        | Bought 2 rations for 110 gold pieces
 12532 | D        | Bought 2 rations for 110 gold pieces
 12666 | D        | Noticed an ancient lich
 12672 | D        | Killed an ancient lich
 12697 | D        | Noticed an orb of fire
 12710 | D        | Killed an orb of fire
 12804 | D        | Noticed an electric golem
 12813 | D        | Killed an electric golem
 12980 | D        | Noticed an electric golem
 12980 | D        | Noticed an ancient lich
 12980 | D        | Noticed a golden dragon
 12980 | D        | Noticed an orb of fire
 12984 | D        | Noticed an orb of fire
 12991 | D        | Killed a golden dragon
 12997 | D        | Killed an ancient lich
 13002 | D        | Killed an orb of fire
 13003 | D        | Noticed an ancient lich
 13199 | D        | Killed an electric golem
 13455 | D        | Killed an orb of fire
 13502 | D        | Noticed a Killer Klown
 13513 | D        | Killed a Killer Klown
 13513 | D        | Reached XP level 20. HP: 173/173 MP: 14/49
 13640 | D        | Killed an ancient lich
 13685 | D        | Bought 2 rations for 100 gold pieces
 13685 | D        | Bought 2 rations for 100 gold pieces
 13685 | D        | Bought 2 rations for 100 gold pieces
 13685 | D        | Bought 2 rations for 100 gold pieces
 13721 | D        | Reached skill level 27 in Spellcasting
 13811 | D        | Bought a scroll of immolation for 77 gold pieces
 13892 | D        | Noticed an ancient lich
 13892 | D        | Noticed an ancient lich
 13899 | D        | Killed an ancient lich
 13902 | D        | Killed an ancient lich
 13902 | D        | Reached skill level 27 in Fighting
 13903 | D        | Noticed an ancient lich
 13910 | D        | Killed an ancient lich
 14216 | D        | Reached XP level 21. HP: 183/183 MP: 36/52
 14219 | D        | Reached skill level 27 in Dodging
 14330 | D        | Got an elven rune of Zot
 14359 | D        | Noticed the Royal Jelly
 14438 | D        | Killed the Royal Jelly
 14598 | D        | Got a slimy rune of Zot
 14739 | D        | Reached skill level 27 in Shields
 14739 | D        | Paralysed by a sphinx for 5 turns
 14745 | D        | Reached skill level 27 in Throwing
 14755 | D        | Reached skill level 15 in Short Blades
 14761 | D        | Reached skill level 15 in Conjurations
 14768 | D        | Reached skill level 5 in Charms
 14856 | D        | Reached skill level 10 in Fire Magic
 15320 | D        | Noticed a greater mummy
 15581 | D        | Killed a greater mummy
 15810 | D        | Noticed a greater mummy
 15810 | D        | Noticed a greater mummy
 15810 | D        | Noticed a greater mummy
 15810 | D        | Noticed a greater mummy
 15987 | D        | Killed a greater mummy
 16150 | D        | Killed a greater mummy
 16150 | D        | Reached XP level 22. HP: 190/190 MP: 16/53
 16341 | D        | Killed a greater mummy
 16595 | D        | Killed a greater mummy
 16895 | D        | Noticed a greater mummy
 16905 | D        | Killed a greater mummy
 17632 | D        | Got a golden rune of Zot
 17701 | D        | Got an abyssal rune of Zot
 18035 | D        | Bought a book of the Earth for 1105 gold pieces
 18042 | D        | Learned a level 6 spell: Statue Form
 18052 | D        | Learned a level 9 spell: Shatter
 18270 | D        | Identified the +7 sceptre of Asmodeus
 18270 | D        | Noticed Asmodeus
 18270 | D        | Noticed Mnoleg
 18271 | D        | Noticed Gloorx Vloq
 18281 | D        | Killed Mnoleg
 18281 | D        | Reached skill level 15 in Fire Magic
 18654 | D        | Killed Asmodeus
 18844 | D        | Killed Gloorx Vloq
 19205 | D        | Identified the +4 staff of Dispater
 19205 | D        | Noticed Dispater
 19241 | D        | Killed Dispater
 19496 | D        | Got a glowing rune of Zot
 19500 | D        | Got an obsidian rune of Zot
 19502 | D        | Noticed Antaeus
 19516 | D        | Noticed Lom Lobon
 19552 | D        | Killed Antaeus
 19798 | D        | Killed Lom Lobon
 19866 | D        | Noticed Ereshkigal
 20007 | D        | Paralysed by Ereshkigal for 4 turns
 20270 | D        | Paralysed by Ereshkigal for 2 turns
 20289 | D        | Paralysed by Ereshkigal for 3 turns
 20295 | D        | Killed Ereshkigal
 20712 | D        | Got a dark rune of Zot
 20716 | D        | Got an iron rune of Zot
 20720 | D        | Got an icy rune of Zot
 20722 | D        | Identified the +6 sword of Cerebov {flame}
 20722 | D        | Noticed Cerebov
 20799 | D        | HP: 11/247 [something] (3)]
 21273 | D        | Killed Cerebov
 21273 | D        | Reached skill level 15 in Unarmed Combat
 21273 | D        | Reached XP level 23. HP: 158/197 MP: 20/54
 21333 | D        | Got a magical rune of Zot
 21337 | D        | Got a bone rune of Zot
 21341 | D        | Got a fiery rune of Zot
 21546 | D        | Bought a book of Annihilations for 1876 gold pieces
 21556 | D        | Learned a level 9 spell: Fire Storm
 21742 | D        | Got the Orb of Zot
 21916 | D        | Bought 2 rations for 110 gold pieces
 21916 | D        | Bought 2 rations for 110 gold pieces
 21916 | D        | Bought 2 rations for 110 gold pieces
 21916 | D        | Bought 2 rations for 110 gold pieces
 22076 | D        | Got the amulet of the Dropbear {Spirit rF- MP+9 Int+4}
 22268 | D        | Bought a potion of mutation for 128 gold pieces
 22360 | D        | Noticed Zisianwun the pandemonium lord
 22364 | D        | Killed Zisianwun the pandemonium lord
 22800 | D        | Noticed Qifan the pandemonium lord
 22803 | D        | Killed Qifan the pandemonium lord
 22977 | D        | Bought a scroll of silence for 127 gold pieces
 22977 | D        | Bought 2 rations for 170 gold pieces
 22977 | D        | Bought 2 rations for 170 gold pieces
 23131 | D        | Bought 2 rations for 140 gold pieces
 23240 | D        | Reached skill level 15 in Transmutations
 23272 | D        | Bought 2 rations for 120 gold pieces
 23272 | D        | Bought a box of beasts for 240 gold pieces
 23272 | D        | Bought 15 sling bullets for 90 gold pieces
 23273 | D        | Bought a phantom mirror for 420 gold pieces
 23273 | D        | Bought a phantom mirror for 420 gold pieces
 23273 | D        | Bought a phantom mirror for 420 gold pieces
 23273 | D        | Bought a tin of tremorstones (3/3) for 560 gold pieces
 23273 | D        | Bought a phial of floods for 560 gold pieces
 23279 | D        | Bought a potion of resistance for 130 gold pieces
 23279 | D        | Bought a potion of cancellation for 104 gold pieces
 23283 | D        | Bought 2 potions of mutation for 160 gold pieces
 23283 | D        | Bought a potion of resistance for 100 gold pieces
 23556 | D        | Noticed Ceaqaijo the pandemonium lord
 23560 | D        | Killed Ceaqaijo the pandemonium lord
 23628 | D        | Gained mutation: You have a pair of small antennae on your
                  | head. [potion of mutation]
 23628 | D        | Gained mutation: Your muscles are strong. (Str +2) [potion
                  | of mutation]
 23629 | D        | Lost mutation: Your muscles are strong. (Str +2) [potion of
                  | mutation]
 23629 | D        | Gained mutation: Scrolls take you a little longer to read.
                  | [potion of mutation]
 23629 | D        | Lost mutation: You have a pair of small antennae on your
                  | head. [potion of mutation]
 23629 | D        | Gained mutation: You expend magic power (3 MP) to
                  | strengthen your wands. [potion of mutation]
 23630 | D        | Lost mutation: You expend magic power (3 MP) to strengthen
                  | your wands. [potion of mutation]
 23630 | D        | Lost mutation: Scrolls take you a little longer to read.
                  | [potion of mutation]
 23630 | D        | Gained mutation: You have an increased reservoir of magic.
                  | (+10% MP) [potion of mutation]
 23630 | D        | Gained mutation: Your spells are a little harder to cast,
                  | but a little more powerful. [potion of mutation]
 23630 | D        | Gained mutation: You are partially covered in iridescent
                  | scales. (AC +2) [potion of mutation]
 23630 | D        | Gained mutation: You expend magic power (3 MP) to
                  | strengthen your wands. [potion of mutation]
 23631 | D        | Lost mutation: You expend magic power (3 MP) to strengthen
                  | your wands. [potion of mutation]
 23631 | D        | Lost mutation: Your spells are a little harder to cast, but
                  | a little more powerful. [potion of mutation]
 23631 | D        | Lost mutation: You are partially covered in iridescent
                  | scales. (AC +2) [potion of mutation]
 23631 | D        | Gained mutation: You are partially covered in slimy green
                  | scales. (AC +2) [potion of mutation]
 23631 | D        | Gained mutation: You are resistant to hostile enchantments.
                  | (MR+) [potion of mutation]
 23650 | D        | Escaped with the Orb!

Illustrated notes

Levels and vault maps discovered:
D:        linesprint [early_d, line_temple, items_1, d_10, items_2, lair_1,
          lair_end, items_3, orc_1, orc_end, items_4, d_15, swamp_1, shoals_1,
          snake_1, spider_1, d_20, vaults_1, items_5, swamp_end, shoals_end,
          snake_end, spider_end, vaults_end, d_27, items_6, zot_1, zot_end,
          crypt_end, forest_end, elf_end, slime_end, tomb_end, abyss_end,
          pan_hell_end]

Skill      XL: |  1  2  3  4  5  6  7  8  9 10 11 12 13 14 15 16 17 18 19 20 21 22 23 |
---------------+----------------------------------------------------------------------+-----
Fighting       | 2 5 10 13 14 18 22 25 27 | 27.0
Stealth        | 3 6 10 14 | 14.7
Dodging        | 4 5 7 12 15 20 23 25 26 27 | 27.0
Spellcasting   | 4 5 6 7 10 14 20 25 27 | 27.0
Conjurations   | 2 3 5 7 8 9 11 13 14 20 22 26 | 26.2
Air Magic      | 5 9 11 12 14 16 19 20 | 20.6
Evocations     | 1 5 6 10 15 16 20 | 20.0
Short Blades   | 4 9 12 15 18 | 18.2
Shields        | 4 11 15 16 20 22 27 | 27.0
Summonings     | 9 10 | 10.0
Fire Magic     | 3 6 10 22 24 | 24.4
Earth Magic    | 3 10 15 20 22 | 22.0
Necromancy     | 10 15 | 15.0
Throwing       | 9 15 20 23 27 | 27.0
Transmutations | 6 8 12 16 | 16.5
Charms         | 5 |  5.0
Unarmed Combat | 15 22 | 22.2

Action                   |  1- 3 |  4- 6 |  7- 9 | 10-12 | 13-15 | 16-18 | 19-21 | 22-24 || total
-------------------------+-------+-------+-------+-------+-------+-------+-------+-------++-------
Melee: Dagger            |     2 |     7 |       |       |     3 |       |       |       ||    12
       Tentacles         |     2 |     4 |     3 |     8 |    11 |     6 |       |    15 ||    49
       Rapier            |       |    21 |    18 |    40 |    28 |    19 |     1 |    26 ||   153
       Constrict         |       |     7 |     3 |     5 |     3 |     2 |       |     2 ||    22
       Unarmed           |       |       |       |       |       |       |       |    24 ||    24
       Punch             |       |       |       |       |       |       |       |     4 ||     4
       Staff             |       |       |       |       |       |       |       |     1 ||     1
 Fire: Hunting sling     |       |       |       |       |       |       |       |     1 ||     1
Throw: Boomerang         |       |       |       |       |       |     3 |       |       ||     3
       Javelin           |       |       |       |       |       |     4 |    19 |     6 ||    29
 Cast: Shock             |     3 |     4 |     1 |     9 |       |       |       |       ||    17
       Lightning Bolt    |       |       |     5 |    58 |    71 |    49 |    30 |     6 ||   219
       Airstrike         |       |       |       |    50 |   160 |    94 |    78 |    62 ||   444
       Summon Demon      |       |       |       |       |    57 |    14 |    14 |     3 ||    88
       Shadow Creatures  |       |       |       |       |     3 |       |       |       ||     3
       Summon Mana Viper |       |       |       |       |    24 |     1 |       |       ||    25
       Bolt of Magma     |       |       |       |       |     8 |    15 |    11 |     5 ||    39
       Spellforged Servi |       |       |       |       |     1 |    47 |    42 |    54 ||   144
       Orb of Destructio |       |       |       |       |       |     6 |    31 |    47 ||    84
       Borgnjor's Vile C |       |       |       |       |       |    49 |    77 |    93 ||   219
       Iskenderun's Batt |       |       |       |       |       |       |     2 |       ||     2
       Statue Form       |       |       |       |       |       |       |       |    17 ||    17
       Fire Storm        |       |       |       |       |       |       |       |    26 ||    26
Invok: Potion Petition   |       |     1 |     2 |     3 |     1 |     1 |       |       ||     8
       Call Merchant     |       |       |       |     4 |     5 |     4 |     3 |     1 ||    17
 Abil: Evoke Blink       |       |       |       |       |       |       |     7 |    86 ||    93
       End Transformatio |       |       |       |       |       |       |       |     1 ||     1
       Evoke Invisibilit |       |       |       |       |       |       |       |     1 ||     1
Evoke: Staff of energy   |       |       |       |   113 |   435 |   505 |   444 |   208 ||  1705
       Wand              |       |       |       |     5 |     3 |     1 |       |       ||     9
       Lightning rod     |       |       |       |     3 |    12 |     8 |       |     4 ||    27
       Box of beasts     |       |       |       |       |     1 |       |       |     3 ||     4
       Phantom mirror    |       |       |       |       |     1 |       |       |       ||     1
  Use: Potion            |     4 |     1 |     4 |       |    16 |     2 |     3 |    34 ||    64
       Scroll            |       |       |     2 |       |    10 |     2 |     3 |     3 ||    20
 Stab: Sleeping          |       |     1 |     9 |    16 |     1 |       |       |     1 ||    28
       Invisible         |       |       |     2 |     3 |       |       |       |       ||     5
       Distracted        |       |       |       |       |       |     1 |       |     1 ||     2
  Eat: Ration            |       |       |       |     4 |    11 |    10 |    11 |    10 ||    46
Armor: Skin              |       |     1 |       |     2 |     1 |     1 |     2 |    24 ||    31
Dodge: Dodged            |     5 |    24 |    17 |    40 |    69 |    87 |    40 |    92 ||   374
Block: Buckler           |       |       |       |     4 |     7 |       |       |       ||    11
       Kite shield       |       |       |       |       |    34 |    75 |    41 |    79 ||   229

Table legend:
 A = Non-vault XP
 B = Vault XP
 C = Vault XP percentage of total XP
 D = Non-vault monster count
 E = Vault monster count
 F = Vault count percentage of total count
                 A         B        C        D         E       F
            +---------+---------+-------+---------+---------+-------
      Total |     278 |  721621 | 100.0 |       2 |     524 |  99.6
            +---------+---------+-------+---------+---------+-------
          D |     278 |  721621 | 100.0 |       2 |     524 |  99.6
            +---------+---------+-------+---------+---------+-------
